 Dungeon Crawl Stone Soup version 0.30-a0-912-ge10d75a369 (console) character file.

Game seed: 15968490679925259553

2170867 Banquo the Sorcerer (level 27, 216/216 HPs)
             Began as a Djinni Hedge Wizard on Mar 19, 2023.
             Was a High Priest of Nemelex Xobeh.
             Escaped with the Orb
             ... and 4 runes on Mar 25, 2023!
             The game lasted 13:51:04 (79279 turns).

Banquo the Sorcerer (Djinni Hedge Wizard)          Turns: 79279, Time: 13:51:05

Health: 216/216    AC: 24    Str:  8    XL:     27
Gold:   4472       EV: 19    Int: 33    God:    Nemelex Xobeh [*****.] SH: 34 Dex: 20

rFire   + + +      SeeInvis +    a - +3 staff {rElec rF++ rC++ AC+5}
rCold   + + .      Faith    .    o - +10 tower shield of Ignorance {rN+ Int-4}
rNeg    + . .      Spirit   .    d - +4 troll leather armour
rPois   ∞          Reflect  .    h - +2 helmet of the Wasteland {Will++}
rElec   +          Rampage  .    e - +2 cloak {rCorr}
rCorr   +          Clarity  +    g - +2 pair of gloves
Will    ++++.                    (boots unavailable)
Stlth   +                        k - amulet "Vosysi" {Regen+ Dex+5 Stlth+}
HPRegen 2.16/turn                S - ring of Muriot {rC+ SInv}
MPRegen 0.00/turn                I - +6 ring of intelligence

@: flying, studying 2 skills
A: sickness immunity, fire resistance 2, cold vulnerability 1, float, innate
caster, HP casting, extra vitality 1, clarity, clever 1
0: Orb of Zot
}: 4/15 runes: barnacled, slimy, silver, gossamer
a: Renounce Religion, Draw Escape, Draw Destruction, Draw Summoning, Draw Stack,
Triple Draw, Deal Four, Stack Five


You escaped.
You worshipped Nemelex Xobeh.
Nemelex Xobeh was extremely pleased with you.
You visited 11 branches of the dungeon, and saw 55 of its levels.
You visited 1 bazaar.
You also visited: Ossuary, Gauntlet, Ice Cave and Wizlab.

You collected 13019 gold pieces.
You spent 8547 gold pieces at shops.

Inventory:

Hand Weapons
 a - the +3 Elemental Staff (weapon) {rElec rF++ rC++ AC+5}
   (You took it off a wizard on level 2 of the Depths)

   It enhances your fire, ice, earth and air magic.
   AC:        It affects your AC (+5).
   rF:        It greatly protects you from fire.
   rC:        It greatly protects you from cold.
   rElec:     It insulates you from electricity.
 b - the +8 Vampire's Tooth {megavamp}
   (You acquired it on level 12 of the Dungeon)
 c - the +8 short sword of the Modern Thickets {holy, rElec rCorr Str+2 Int+2}
   (You found it on level 2 of the Depths)

   Str:       It affects your strength (+2).
   Int:       It affects your intelligence (+2).
   rElec:     It insulates you from electricity.
   rCorr:     It protects you from acid and corrosion.
 j - the +7 rapier "Ichyqil" {vamp, rC- Will++ Dex+4}
   (You found it on level 5 of the Pits of Slime)

   Dex:       It affects your dexterity (+4).
   rC:        It makes you vulnerable to cold.
   Will:      It greatly increases your willpower.
 p - a +9 quick blade of holy wrath
 L - the +8 short sword of Hiureh {venom, rElec rN+ Str-3 Int+6}
   (You found it on level 5 of the Pits of Slime)

   Str:       It affects your strength (-3).
   Int:       It affects your intelligence (+6).
   rElec:     It insulates you from electricity.
   rN:        It protects you from negative energy.
Missiles
 r - 12 throwing nets
Armour
 d - a +4 troll leather armour (worn)
 e - a +2 cloak of preservation (worn)
 g - a +2 pair of gloves (worn)
 h - the +2 helmet of the Wasteland (worn) {Will++}
   (You bought it in a shop on level 4 of the Vaults)

   Will:      It greatly increases your willpower.
 i - a +5 kite shield of reflection
 o - the +10 tower shield of Ignorance (worn) {rN+ Int-4}
   (You bought it in a shop on level 1 of the Vaults)

   Int:       It affects your intelligence (-4).
   rN:        It protects you from negative energy.
 x - a +2 tower shield
Jewellery
 k - the amulet "Vosysi" (around neck) {Regen+ Dex+5 Stlth+}
   (You bought it in a shop in a bazaar)

   [amulet of regeneration]

   Dex:       It affects your dexterity (+5).
   Regen:     It increases your rate of health regeneration.
   Stlth:     It makes you more stealthy.
 E - the amulet of Impatience {rN+ Regen+}
   (You took it off a skeletal warrior on level 3 of the Crypt)

   [amulet of regeneration]

   rN:        It protects you from negative energy.
   Regen:     It increases your rate of health regeneration.
 I - a +6 ring of intelligence (right hand)
 S - the ring of Muriot (left hand) {rC+ SInv}
   (You bought it in a shop on level 11 of the Dungeon)

   [ring of see invisible]

   rC:        It protects you from cold.
   SInv:      It lets you see invisible.
Wands
 m - a wand of flame (3)
 s - a wand of roots (60)
 t - a wand of quicksilver (31)
 D - a wand of digging (9)
Scrolls
 l - 6 scrolls of blinking
 q - 12 scrolls of fear
 v - 38 scrolls of teleportation
 w - 13 scrolls of poison
 A - 10 scrolls of fog
 B - 4 scrolls of butterflies
 C - 3 scrolls of enchant armour
 H - 12 scrolls of enchant weapon
 J - 4 scrolls of noise
Potions
 f - 13 potions of haste
 n - 12 potions of might
 u - 17 potions of heal wounds
 y - 35 potions of curing
 z - 9 potions of invisibility
 G - 13 potions of ambrosia
 K - 10 potions of mutation
 M - 6 potions of brilliance
 N - 6 potions of resistance
 O - 7 potions of cancellation
Miscellaneous
 F - a phantom mirror
 R - a box of beasts


   Skills:
 * Level 23.4 Fighting
 - Level 10.0 Short Blades
 - Level 8.0 Armour
 - Level 12.0 Dodging
 - Level 1.5 Stealth
 - Level 23.0 Shields
 - Level 26.0 Spellcasting
 - Level 13.0 Invocations


You knew the following spells:

 Your Spells              Type           Power      Damage    Failure   Level
a - Magic Dart            Conj           100%       1d8       0%          1
b - Iskenderun's Battles  Conj           100%       2d15      0%          5
c - Mephitic Cloud        Conj/Pois/Air  100%       N/A       0%          3
d - Death Channel         Necr           60%        N/A       0%          6
e - Statue Form           Tmut/Erth      96%        N/A       0%          6
f - Sandblast             Erth           100%       2d20      0%          1
g - Ensorcelled Hibernat  Hex/Ice        100%       N/A       0%          2
h - Momentum Strike       Conj/Tloc      100%       3d10      0%          2
i - Call Imp              Summ           100%       N/A       0%          2
k - Discord               Hex            60%        N/A       1%          8
l - Dragon's Call         Summ           60%        N/A       2%          9
m - Malign Gateway        Summ/Tloc      60%        N/A       1%          7
s - Slow                  Hex            100%       N/A       0%          1
t - Confusing Touch       Hex            100%       N/A       0%          3
v - Borgnjor's Vile Clut  Necr/Erth      72%        N/A       0%          5
x - Summon Horrible Thin  Summ           60%        N/A       1%          8
B - Blink                 Tloc           100%       N/A       0%          2
P - Storm Form            Tmut/Air       72%        N/A       1%          7
Your spell library was empty.

Dungeon Overview and Level Annotations

Branches:
Dungeon (15/15)            Temple (0/1) D:7            Lair (5/5) D:8
 Shoals (4/4) Lair:2       Spider (4/4) Lair:3        Slime (5/5) Lair:5
    Orc (2/2) D:10            Elf (3/3) Orc:2        Vaults (5/5) D:13
  Crypt (3/3) Vaults:2       Tomb (0/3) Crypt:3      Depths (4/4) D:15
    Zot (5/5) Depths:4    Ossuary (visited)           IceCv (visited)
 WizLab (visited)         Gauntlet (visited)

Altars:
Dithmenos
Elyvilon
Fedhas
Gozag
Hepliaklqana
Nemelex Xobeh
Ru
Trog
Uskayaw
Yredelemnul
The Shining One

Shops:
D:1 *   D:7 :   D:11 =   Orc:1 *=**   Orc:2 *?[(   Elf:1 (   Elf:3 **
Shoals:3 =   Vaults:1 [   Vaults:2 ?   Vaults:4 ([[   Zot:1 *

Portals:
Hell: Depths:1 Depths:2 Depths:3 Depths:4
Abyss: Depths:3 Depths:4
Pandemonium: Depths:2 Depths:4
Ziggurat: Depths:1

Annotations:
Shoals:2 6 transporters


Innate Abilities, Weirdness & Mutations

You are immune to sickness and miasma.
You are immune to poison.
Your flesh is very heat resistant. (rF++)
You are vulnerable to cold. (rC-)
You float through the air rather than walking.
You learn spells naturally, not from books.
Your magical power is your life essence.
You have superior vitality. (+4 MHP)
You possess an exceptional clarity of mind.
Your mind is acute. (Int +4, Str/Dex -1)


Message History

(V) Vaults (C) Crypt (W) Tomb (U) Depths (H) Hell (Z) Zot
Where to? (* - list waypoints, Enter - D:1, ? - help)
Things that are here:
a +0 robe; a +0 whip
There is a stone staircase leading up here.
You fly upwards.
The roar of the dragon horde subsides.
There is a stone staircase leading down here.
A ynoxinul comes into view.
Casting: Summon Horrible Things (mildly dangerous; 1% risk of failure)
Confirm with . or Enter, or press ? or * to list all spells.
Aiming: Borgnjor's Vile Clutch (safe; 0% risk of failure)
Press: ? - help, Shift-Dir - straight line, f - ynoxinul
Aim: a ynoxinul (100% to hit)
You feel a surge of power!
Zombie hands grab the ynoxinul.
The zombie hands constrict the ynoxinul.
Unknown command.
The zombie hands constrict the ynoxinul!
The ynoxinul struggles to escape constriction.
The zombie hands constrict the ynoxinul!!
You kill the ynoxinul!
(D) Dungeon (T) Temple (L) Lair (A) Shoals (N) Spider Nest (M) Slime Pits (O) Orcish Mines (E) Elven Halls (V) Vaults (C) Crypt (W) Tomb (U) Depths (H) Hell (Z) Zot
Where to? (* - list waypoints, Enter - D:1, ? - help)
You can once more reach out to the dragon horde.
There is a stone staircase leading up here.
HP restored.
You fly upwards.
There is a stone staircase leading down here.
You see here a +0 club.
You see here a +0 dagger.
There is a large open door here.
There is an open door here.
There is a staircase leading out of the dungeon here.
Enter note: Woot!
Nemelex Xobeh You have escaped!

...##.# #..####+'####..#.#.#
##.##.###.[###....###..#.#.#
#.........##......##....#.#
###.##.#..##.8....##..#.#.#
#.##.#..#........#...#..#
#.##.#..#.8....).#..###.##
#.##.#..#...##...#..# ##.##
###.##....#..####..#..# ##.##
#.........'..'>@'..'..# ##...#
#.#.####..#..####..#..###.##.#
#.#.......#(..##...#...#.###.#
#.######..#.(....8.#..#.## #.#
#.# #..#........#..#.# #.# #.#
#..##....8.##....####.# #.#
#..##......##.)####...# #.#
#..###....###..# #.### #.#
#..####''####..# #.#


There were no monsters in sight!

Vanquished Creatures
  A pandemonium lord (Zot:5)
  An ancient lich (Vaults:5)
  A shard shrike (Depths:3)
  Margery (Vaults:4)
  A caustic shrike (Depths:4)
  2 golden dragons
  Jory (Vaults:4)
  Arachne (Spider:2)
  Rupert (D:15)
  A hellephant (Spider:4)
  2 tentacled monstrosities
  5 Orb Guardians (Zot:5)
  4 liches
  Asterion (Spider:4)
  2 deep elf blademasters
  A deep elf master archer (Elf:3)
  2 ancient champions
  4 sphinxes
  Polyphemus (Shoals:2)
  Roxanne (D:15)
  Agnes (Spider:2)
  Donald (Shoals:1)
  A tengu reaver (Vaults:5)
  4 storm dragons
  A shadow dragon (Zot:5)
  2 draconian knights
  4 frost giants
  2 iron dragons (Depths:2)
  4 ghost moths
  11 vault wardens
  A fire giant (Depths:4)
  Aizul (Spider:4)
  5 deep elf sorcerers
  A fenstrider witch (shapeshifter) (D:15)
  2 emperor scorpions
  A draconian scorcher (Zot:4)
  A curse skull (Crypt:1)
  A draconian shifter (Zot:4)
  2 orc warlords (Orc:2)
  4 ghouls
  2 draconian annihilators (Zot:3)
  A reaper (D:7)
  11 stone giants
  2 war gargoyles (Vaults:5)
  3 ironbound preservers
  15 very ugly things
  A deep elf elementalist (Elf:1)
  6 ironbound thunderhulks
  2 green draconians
  Nessos (D:15)
  2 vampire knights
  4 deep elf annihilators (Elf:3)
  Azrael (Orc:2)
  2 yellow draconians
  3 black draconians
  A white draconian (Zot:3)
  4 purple draconians
  A minotaur (Gauntlet)
  10 spark wasps
  2 dire elephants
  A merfolk javelineer (Shoals:4)
  2 blizzard demons (WizLab)
  2 ettins
  A crystal guardian (Vaults:2)
  5 fire dragons
  3 deep elf death magi (Elf:3)
  3 yaktaur captains
  4 great orbs of eyes
  Fannar (D:11)
  3 deep elf high priests (Elf:3)
  An entropy weaver (Spider:2)
  6 hydras
  A great orb of eyes (shapeshifter) (Vaults:5)
  A peacekeeper (Vaults:2)
  2 vault guards
  A jorogumo (Spider:2)
  2 radroaches (Spider:2)
  2 ghost crabs (WizLab)
  A fenstrider witch zombie (Crypt:2)
  6 ice dragons
  7 ironbound frosthearts
  5 death knights
  Erolcha (D:9)
  4 spriggan air magi (WizLab)
  An alligator snapping turtle (Shoals:4)
  5 centaur warriors
  A catoblepas (Shoals:2)
  A merfolk aquamancer (Shoals:3)
  An ogre mage (D:15)
  6 satyrs
  5 tengu warriors
  4 boulder beetles
  30 dancing weapons
  3 spriggan skeletons
  5 two-headed ogres
  11 death yaks
  4 deep troll earth magi
  5 deep troll shamans
  A titan zombie (Depths:1)
  Urug (Orc:1)
  6 orc high priests
  8 hell knights
  A quicksilver ooze zombie (Crypt:2)
  3 shock serpents (WizLab)
  The ghost of MrShunz the Thaumaturge, a journeyman DECj of Ashenzari (Lair:2)
  5 large abominations (D:13)
  Nergalle (Lair:2)
  2 vampire magi
  A sun demon (D:10)
  6 iron trolls
  10 deep elf knights
  2 death drakes (WizLab)
  3 titan skeletons
  4 skysharks
  4 soul eaters
  A sun moth (Spider:3)
  A shadow wraith (Crypt:2)
  A pharaoh ant (Spider:2)
  13 skeletal warriors
  An anaconda zombie (Crypt:1)
  2 spark wasp zombies
  2 bog bodies (Crypt:3)
  22 deep trolls
  A ghost moth zombie (Crypt:2)
  3 phantasmal warriors
  10 orb spiders
  An orb spider (shapeshifter) (Vaults:5)
  9 sea snakes
  4 deep elf archers
  A lindwurm (shapeshifter) (Elf:1)
  3 wizards
  An orange crystal statue (Gauntlet)
  3 flayed ghosts
  13 ironbound convokers
  6 orc knights
  2 bunyip skeletons (Crypt:3)
  14 lindwurms
  3 harpies (Shoals:1)
  8 necromancers
  3 steelbarb worms
  12 ugly things
  A shadow dragon skeleton (Crypt:3)
  3 orc sorcerers
  21 deep elf pyromancers
  10 wolf spiders
  6 manticores
  26 fauns
  18 deep elf zephyrmancers
  A salamander (D:15)
  6 merfolk sirens
  11 moths of wrath
  4 cyclopes
  9 elephants
  3 ice statues
  6 black mambas
  An apocalypse crab (WizLab)
  15 vault sentinels
  A guardian serpent (Lair:5)
  A rust devil (Depths:1)
  A torpor snail (Lair:5)
  8 cane toads
  2 stone giant skeletons (Crypt:3)
  4 demonic crawlers
  A molten gargoyle (D:14)
  An orange demon (Depths:4)
  4 water nymphs
  5 rime drakes
  Psyche (D:8)
  4 freezing wraiths
  9 yaktaurs
  A kobold demonologist (D:10)
  6 komodo dragons
  3 tengu conjurers
  16 merfolk
  A red devil (Depths:4)
  7 trolls
  5 wind drakes
  A sea snake zombie (Crypt:1)
  A shadow dragon simulacrum (Depths:3)
  8 hornets
  14 tarantellas
  A raiju (shapeshifter) (D:15)
  A sphinx simulacrum (Depths:3)
  A radroach zombie (Crypt:2)
  17 blink frogs
  An ettin zombie (Depths:1)
  3 snapping turtles
  3 harpy skeletons
  15 slime creatures
  2 dream sheep (Shoals:2)
  A frost giant simulacrum (Depths:1)
  19 jumping spiders
  A black mamba zombie (Crypt:1)
  3 wraiths
  14 culicivoras
  A slime creature zombie (Crypt:1)
  2 ettin skeletons
  2 shadows (D:11)
  2 ynoxinuls
  12 water elementals
  7 air elementals
  5 fire elementals
  42 redbacks
  5 basilisks
  3 hogs (Spider:4)
  6 golden eyes (Slime:5)
  44 yaks
  A neqoxec (Depths:2)
  A death yak simulacrum (IceCv)
  10 vampire mosquitoes
  13 wyverns
  2 steam dragons
  Menkaure (D:4)
  11 wargs
  A demonspawn zombie (Crypt:1)
  A floating eye (shapeshifter) (Vaults:5)
  An entropy weaver zombie (Crypt:2)
  27 water moccasins
  An acid dragon (D:15)
  A two-headed ogre zombie (D:10)
  4 hell hounds (Orc:2)
  2 black bears (D:8)
  31 orc warriors
  An ice beast (D:5)
  22 centaurs
  10 wolves
  3 boggarts
  10 ogres
  A swamp dragon skeleton (Crypt:3)
  3 phantoms
  7 small abominations (D:13)
  3 kobold brigands
  15 bullfrogs
  A bullfrog (shapeshifter) (D:15)
  3 gnoll sergeants
  2 necrophages (Crypt:3)
  4 scorpions
  A warg zombie (Crypt:3)
  13 wights (Crypt:3)
  A cane toad simulacrum (IceCv)
  A warg skeleton (Crypt:2)
  3 killer bees (D:9)
  7 howler monkeys
  9 electric eels
  A crimson imp (D:4)
  2 jellies
  7 lava snakes
  4 hounds
  34 orc priests
  A gnoll bouda (D:3)
  A basilisk skeleton (Crypt:3)
  2 sleepcaps
  Natasha (thrice) (D:2)
  3 iguanas (D:6)
  29 orc wizards
  A killer bee zombie (Crypt:1)
  A polar bear simulacrum (IceCv)
  7 ogre zombies (D:10)
  A human simulacrum (D:10)
  Robin (D:3)
  12 mummies (Ossuary)
  15 adders
  18 gnolls
  A white imp (D:6)
  3 ufetubi
  A worm (D:2)
  86 orcs
  4 endoplasms
  4 giant cockroaches
  12 goblins
  8 hobgoblins
  5 jackals (D:3)
  23 kobolds
  4 quokkas (D:1)
  12 ball pythons
  5 bats
  3 frilled lizards
  3 gnoll skeletons (Ossuary)
  7 goblin skeletons
  3 goblin zombies
  2 hobgoblin skeletons (D:10)
  7 hobgoblin zombies
  4 kobold skeletons
  3 kobold zombies (D:4)
  7 orc skeletons
  12 orc zombies
  6 rats
  11 rat skeletons (Ossuary)
  2 plants (Lair:2)
1572 creatures vanquished.

Vanquished Creatures (collateral kills)
  the Royal Jelly (Slime:5)
  2 dread liches
  2 ancient liches
  8 orbs of fire (Zot:5)
  Sojobo (Crypt:1)
  Parghit (Depths:4)
  Vv (Crypt:3)
  2 Killer Klowns (Zot:5)
  3 shard shrikes
  Xtahua (Vaults:4)
  4 curse toes
  Saint Roka (Vaults:2)
  3 caustic shrikes
  A pandemonium lord (Zot:5)
  The ghost of Kugyfig the Executioner, an adept MiBe of Trog (Vaults:3)
  10 golden dragons
  A bone dragon (Crypt:3)
  Nikola (Vaults:2)
  A profane servitor (Zot:5)
  A Brimstone Fiend (D:5)
  An iron giant (Depths:2)
  2 electric golems (Zot:5)
  Cloud Mage (WizLab)
  20 tentacled monstrosities
  3 hellephants (Depths:2)
  22 Orb Guardians
  Mlioglotl (Shoals:4)
  2 Ice Fiends
  A Hell Sentinel (Zot:2)
  A shard shrike skeleton (Crypt:3)
  4 quicksilver dragons
  2 deep elf blademasters (Elf:3)
  A deep elf master archer (Elf:3)
  2 liches
  4 titans (Vaults:5)
  21 acid blobs
  6 ancient champions
  7 death cobs
  9 eldritch tentacles
  12 storm dragons
  3 sphinxes
  10 shadow dragons
  Kirke (Spider:4)
  5 tengu reavers
  17 rockslimes
  3 draconian monks
  4 revenants
  14 azure jellies
  An emperor scorpion (Spider:4)
  The ghost of Hosunepni the Eviscerator, an adept FeBe of Trog (Vaults:4)
  3 frost giants
  5 draconian knights
  3 iron dragons
  3 draconian scorchers
  6 vault wardens
  13 fire giants
  5 deep elf sorcerers
  4 draconian shifters
  A balrug (D:5)
  3 orc warlords (Vaults:3)
  3 ghouls
  17 ironbound preservers
  A curse skull (Crypt:3)
  2 deep elf elementalists (Elf:3)
  3 ghost moths
  A cacodemon (Depths:4)
  2 draconian annihilators
  3 war gargoyles
  A demonspawn blood saint (D:5)
  3 draconian stormcallers
  A very ugly thing (shapeshifter) (Vaults:5)
  7 quicksilver oozes
  5 caustic shrike skeletons (Crypt:3)
  13 stone giants
  5 green draconians
  A stone giant (shapeshifter) (Vaults:5)
  An ironbound thunderhulk (Vaults:2)
  6 very ugly things
  2 deep elf demonologists (Elf:3)
  5 vampire knights
  6 dire elephants
  16 black draconians
  A deep elf annihilator (Elf:3)
  7 red draconians
  13 purple draconians
  6 spark wasps
  11 yellow draconians
  6 eidola
  4 white draconians
  5 deep elf death magi
  4 ettins
  2 blizzard demons (WizLab)
  2 green deaths (Zot:5)
  2 jiangshi (Crypt:1)
  3 fire dragons
  8 great orbs of eyes
  4 merfolk impalers
  8 yaktaur captains
  2 entropy weavers
  3 ice dragons
  5 hell beasts
  An elf skeleton (Crypt:3)
  3 deep elf high priests
  26 vault guards
  2 ironbound frosthearts
  A merfolk avatar (Shoals:1)
  A death knight (Crypt:1)
  A fenstrider witch skeleton (Crypt:3)
  A rakshasa (Depths:2)
  A ghost crab (WizLab)
  A spriggan skeleton (Crypt:2)
  A jorogumo (Spider:2)
  A centaur warrior (Vaults:1)
  A radroach (Spider:3)
  3 two-headed ogres
  A catoblepas (Zot:3)
  3 boulder beetles
  A dancing weapon (Elf:2)
  3 deep troll shamans
  2 death yaks (Gauntlet)
  2 tengu warriors
  7 deep troll earth magi
  3 vampire magi
  A soul eater (Crypt:1)
  8 hell knights
  The ghost of What the Ruffian, a novice TrTm of Uskayaw (D:7)
  15 skeletal warriors
  3 iron trolls
  A shadow wraith (Vaults:4)
  3 titan skeletons
  2 skysharks
  A sea snake (Shoals:3)
  3 pharaoh ants
  A sun moth (Spider:4)
  4 flayed ghosts
  A swamp dragon (Crypt:1)
  2 orb spiders
  A death drake (WizLab)
  2 bog bodies
  2 wizards
  2 bunyip skeletons (Crypt:2)
  A deep elf archer (Elf:3)
  A glowing orange brain (Depths:2)
  44 deep trolls
  5 harpies
  A deep elf pyromancer (Elf:3)
  5 ironbound convokers
  2 deep elf zephyrmancers (Elf:2)
  5 phantasmal warriors
  5 orc knights
  A lindwurm (Vaults:1)
  A necromancer (Gauntlet)
  2 fauns
  11 moths of wrath
  12 ugly things
  8 wolf spiders
  5 shining eyes
  A manticore (Shoals:2)
  A salamander (shapeshifter) (Vaults:5)
  A rust devil (Depths:2)
  3 merfolk sirens
  An elephant (Lair:5)
  An iron dragon skeleton (Crypt:3)
  An apocalypse crab (WizLab)
  A black mamba (Lair:5)
  2 eyes of devastation
  2 centaur zombies
  2 water nymphs
  4 vault sentinels
  4 demonic crawlers
  An orc skeleton (Crypt:2)
  2 torpor snails
  7 nameless horrors
  9 yaktaurs
  A swamp worm zombie (Crypt:1)
  A tormentor (Depths:2)
  2 tengu conjurers (Depths:1)
  A sea snake skeleton (Crypt:2)
  6 freezing wraiths
  A red devil (Zot:5)
  2 trolls
  2 hellwings (Depths:2)
  8 merfolk
  A hornet (Spider:4)
  4 wind drakes
  2 snapping turtles
  2 tarantellas
  A merfolk (shapeshifter) (Vaults:5)
  A polar bear (Lair:5)
  4 jumping spiders
  Sigmund (D:5)
  3 culicivoras
  80 slime creatures
  3 water elementals
  An air elemental (WizLab)
  A wyvern (Lair:5)
  3 wraiths
  A wind drake zombie (Crypt:3)
  A fire bat (shapeshifter) (Vaults:5)
  A human (D:10)
  3 hogs (Spider:4)
  7 golden eyes
  13 redbacks
  A redback (shapeshifter) (Vaults:5)
  A small abomination (Zot:2)
  2 water moccasins
  A hell hound (Orc:2)
  3 orc warriors
  A snapping turtle zombie (Crypt:1)
  A black bear (D:4)
  An ogre (D:7)
  A swamp dragon skeleton (Crypt:1)
  3 boggarts (Vaults:1)
  2 centaurs (D:15)
  A bullfrog (D:7)
  2 necrophages
  A water moccasin zombie (Crypt:3)
  5 wights
  A warg skeleton (Crypt:3)
  2 sleepcaps
  2 orc priests (Orc:2)
  2 centaur skeletons
  An iguana (D:5)
  3 orc wizards
  A howler monkey zombie (Crypt:1)
  A white imp (D:7)
  An orc (Vaults:2)
  2 fire vortices (Depths:2)
943 creatures vanquished.

Vanquished Creatures (others)
  247 eldritch tentacles
  A fire giant (Depths:2)
  A draconian scorcher (Zot:5)
  An ironbound preserver (Vaults:5)
  A deep elf demonologist (Elf:3)
  A purple draconian (Zot:5)
  3 vault guards (Vaults:5)
  An orc high priest (Vaults:3)
  A deep troll (Vaults:5)
  A flayed ghost (Crypt:3)
  An apocalypse crab (WizLab)
  A redback (Spider:1)
  A human simulacrum (D:10)
  A swamp drake skeleton (Crypt:3)
  2 orcs (Vaults:2)
  A bush (Lair:1)
  18 demonic plants (Gauntlet)
  A fire vortex (Depths:2)
  28 fungi
  206 plants
  13 withered plants (Gauntlet)
531 creatures vanquished.

Grand Total: 3046 creatures vanquished

Notes
Turn   | Place    | Note
-------+----------+-------------------------------------------
     0 | D:1      | Banquo the Djinni Hedge Wizard began the quest for the Orb.
     0 | D:1      | Banquo set off with the following spells memorised: Magic
                  | Dart, Slow, Blink, Call Imp, Mephitic Cloud.
     0 | D:1      | Reached XP level 1. HP: 15/15 MP: 0/0
   173 | D:1      | Reached XP level 2. HP: 18/22 MP: 0/0
   204 | D:1      | Found Quwnyoni's Assorted Antiques.
   212 | D:1      | Bought a sapphire potion for 15 gold pieces
   212 | D:1      | Bought a sapphire potion for 15 gold pieces
   415 | D:1      | Reached skill level 3 in Spellcasting
   449 | D:1      | Reached XP level 3. HP: 24/26 MP: 0/0
   449 | D:1      | Learned a level 1 spell: Sandblast
   494 | D:1      | Reached skill level 1 in Fighting
   999 | D:2      | Reached XP level 4. HP: 32/32 MP: 0/0
  1245 | D:2      | Noticed Natasha
  1268 | D:2      | Killed Natasha
  1269 | D:2      | Reached XP level 5. HP: 25/38 MP: 0/0
  1269 | D:2      | Learned a level 2 spell: Ensorcelled Hibernation
  1343 | D:2      | Noticed Natasha
  1630 | D:2      | Killed Natasha
  1631 | D:2      | Reached skill level 4 in Spellcasting
  1777 | D:2      | Noticed Natasha
  1783 | D:2      | Killed Natasha
  2253 | D:3      | Found a bloodstained altar of Trog.
  2878 | D:3      | Reached XP level 6. HP: 38/43 MP: 0/0
  3087 | D:4      | Noticed a black bear
  3097 | D:4      | Killed a black bear
  3098 | D:4      | Reached skill level 5 in Spellcasting
  3099 | D:4      | Reached XP level 7. HP: 25/49 MP: 0/0
  3099 | D:4      | Learned a level 2 spell: Momentum Strike
  3122 | D:4      | Noticed Robin
  3246 | D:3      | Killed Robin
  3513 | D:4      | Found a glowing golden altar of the Shining One.
  3606 | D:4      | Noticed Menkaure
  4037 | D:4      | Killed Menkaure
  4285 | D:4      | Reached skill level 6 in Spellcasting
  4432 | D:4      | Reached XP level 8. HP: 53/56 MP: 0/0
  4784 | D:5      | Entered Level 5 of the Dungeon
  5031 | D:5      | Noticed a hornet
  5045 | D:5      | Killed a hornet
  5046 | D:5      | Reached skill level 7 in Spellcasting
  5118 | D:5      | Found a blossoming altar of Fedhas.
  5118 | D:5      | Found a white marble altar of Elyvilon.
  5118 | D:5      | Found a sparkling altar of Nemelex Xobeh.
  5135 | D:5      | Became a worshipper of Nemelex Xobeh the Trickster
  5418 | D:5      | Found a transporter.
  5491 | D:5      | Noticed Sigmund
  5502 | D:5      | Killed Sigmund
  5503 | D:5      | Reached skill level 1 in Invocations
  5503 | D:5      | Reached XP level 9. HP: 61/63 MP: 0/0
  5503 | D:5      | Learned a level 3 spell: Confusing Touch
  5751 | D:5      | Found a transporter.
  6419 | D:6      | Reached skill level 8 in Spellcasting
  6777 | D:5      | Found a hazy altar of Hepliaklqana.
  6834 | D:6      | Reached * piety under Nemelex Xobeh
  7006 | D:6      | Received a gift from Nemelex Xobeh
  7171 | D:6      | Reached skill level 5 in Fighting
  7514 | D:7      | Found Mautz's Self-Improvement Boutique.
  7568 | D:7      | Reached skill level 1 in Armour
  7586 | D:7      | Found a staircase to the Ecumenical Temple.
  7647 | D:7      | Found a sand-covered staircase.
  7652 | Ossuary  | Entered an ossuary
  7829 | Ossuary  | Reached XP level 10. HP: 69/70 MP: 0/0
  8027 | D:7      | Noticed a two-headed ogre
  8034 | D:7      | Noticed What's ghost (novice TrTm)
  8040 | D:7      | Noticed an ice statue
  8064 | D:7      | Noticed an ice statue
  8073 | D:7      | Found a transporter.
  8075 | D:7      | Found a transporter.
  8116 | D:7      | Reached ** piety under Nemelex Xobeh
  8612 | D:8      | Reached skill level 9 in Spellcasting
  8901 | D:8      | Noticed Psyche
  8914 | D:8      | Killed Psyche
  9113 | D:8      | Found a staircase to the Lair.
  9113 | D:8      | Noticed an elephant
  9321 | D:8      | Reached skill level 5 in Dodging
  9462 | D:8      | Reached XP level 11. HP: 46/76 MP: 0/0
  9462 | D:8      | Learned a level 5 spell: Iskenderun's Battlesphere
  9599 | D:8      | Received a gift from Nemelex Xobeh
 10040 | D:8      | Killed an elephant
 10041 | D:8      | Reached skill level 10 in Spellcasting
 10293 | D:8      | Found a staircase to the Lair.
 10621 | D:9      | Reached *** piety under Nemelex Xobeh
 10799 | D:9      | Noticed Erolcha
 10812 | D:9      | Killed Erolcha
 11477 | D:9      | Reached skill level 5 in Invocations
 11615 | Lair:1   | Entered Level 1 of the Lair of Beasts
 11791 | Lair:1   | Received a gift from Nemelex Xobeh
 12013 | Lair:1   | Noticed a lindwurm
 12033 | Lair:1   | Killed a lindwurm
 12034 | Lair:1   | Reached skill level 11 in Spellcasting
 12085 | Lair:1   | Reached **** piety under Nemelex Xobeh
 12120 | Lair:1   | Reached XP level 12. HP: 83/85 MP: 0/0
 12158 | Lair:1   | Received a gift from Nemelex Xobeh
 12459 | Lair:2   | Identified the +0 chain mail "Oleorhas" {rF+}
 12524 | Lair:2   | Noticed Nergalle
 12532 | Lair:2   | Killed Nergalle
 12533 | Lair:2   | Reached skill level 5 in Armour
 12533 | Lair:2   | Reached skill level 1 in Shields
 12769 | Lair:2   | Received a gift from Nemelex Xobeh
 12791 | Lair:2   | Found a staircase to the Shoals.
 12860 | Lair:2   | Found a runed translucent door.
 12861 | Lair:2   | Noticed MrShunz's ghost (journeyman DECj)
 12908 | Lair:2   | Noticed a skyshark
 12916 | Lair:2   | Killed a skyshark
 13029 | Lair:2   | Received a gift from Nemelex Xobeh
 13299 | Lair:2   | Killed MrShunz's ghost
 13448 | Lair:3   | Reached skill level 12 in Spellcasting
 13456 | Lair:3   | Reached XP level 13. HP: 92/92 MP: 0/0
 13456 | Lair:3   | Learned a level 5 spell: Borgnjor's Vile Clutch
 13501 | Lair:3   | Found a frozen archway.
 13516 | IceCv    | Entered an ice cave
 13542 | IceCv    | Found a transporter.
 13562 | IceCv    | Found a transporter.
 13599 | Lair:3   | Received a gift from Nemelex Xobeh
 13626 | Lair:3   | Identified the +8 dagger of Ambiguity {flame, rF- rC+
                  | Int+3}
 13681 | Lair:3   | Found a hole to the Spider Nest.
 14130 | Lair:3   | Reached ***** piety under Nemelex Xobeh
 14182 | Lair:3   | Received a gift from Nemelex Xobeh
 14549 | Lair:3   | Found a runed translucent door.
 14599 | Lair:3   | Found a runed translucent gate.
 14600 | Lair:3   | Found a runed translucent gate.
 14602 | Lair:3   | Found a runed translucent gate.
 14602 | Lair:3   | Found a runed translucent gate.
 14602 | Lair:3   | Found a runed translucent gate.
 14603 | Lair:3   | Found a runed translucent gate.
 14630 | Lair:3   | a boulder beetle changed into a spark wasp
 14630 | Lair:3   | Noticed a spark wasp
 14630 | Lair:3   | a spark wasp changed into a tarantella
 15018 | Lair:4   | Noticed a five-headed hydra
 15024 | Lair:4   | Killed a five-headed hydra
 15191 | Lair:4   | Received a gift from Nemelex Xobeh
 15337 | Lair:4   | Received a gift from Nemelex Xobeh
 15381 | Lair:4   | Found a sacrificial altar of Ru.
 15682 | Lair:5   | Entered Level 5 of the Lair of Beasts
 15848 | Lair:5   | Reached skill level 13 in Spellcasting
 15929 | Lair:5   | Reached XP level 14. HP: 90/99 MP: 0/0
 16058 | Lair:5   | Reached skill level 5 in Shields
 16683 | Lair:5   | Found a staircase to the Slime Pits.
 17110 | D:10     | Entered Level 10 of the Dungeon
 17288 | D:10     | Identified the +8 mace of Cekitor {freeze, rC+}
 17372 | D:10     | Received a gift from Nemelex Xobeh
 17465 | D:10     | Found a runed translucent door.
 17470 | D:10     | Found a basalt altar of Yredelemnul.
 17655 | D:10     | Found a staircase to the Orcish Mines.
 18104 | D:11     | Received a gift from Nemelex Xobeh
 18212 | D:11     | Found Foniek's Jewellery Shop.
 18280 | D:11     | Bought the ring of Muriot {rC+ SInv} for 406 gold pieces
 18304 | D:11     | Noticed Fannar
 18315 | D:11     | Killed Fannar
 18862 | D:11     | Reached skill level 14 in Spellcasting
 19259 | D:12     | Received a gift from Nemelex Xobeh
 19359 | D:12     | Found a hide-covered altar of Uskayaw.
 19494 | D:12     | Reached XP level 15. HP: 106/106 MP: 0/0
 19494 | D:12     | Learned a level 6 spell: Death Channel
 19566 | D:12     | Received a gift from Nemelex Xobeh
 19591 | D:12     | Identified a scroll of acquirement
 20224 | Orc:1    | Entered Level 1 of the Orcish Mines
 20229 | Orc:1    | Found Goelom's General Store.
 20231 | Orc:1    | Found Ydiloor's Jewellery Shoppe.
 20327 | Orc:2    | Entered Level 2 of the Orcish Mines
 20341 | Orc:2    | Received a gift from Nemelex Xobeh
 20495 | Orc:2    | Found a staircase to the Elven Halls.
 20581 | Orc:1    | Found Noraos's General Store.
 20598 | Orc:1    | Received a gift from Nemelex Xobeh
 20775 | Orc:2    | Reached skill level 1 in Short Blades
 20855 | Orc:2    | Noticed Azrael
 20858 | Orc:2    | Killed Azrael
 20970 | Orc:2    | Found Asogoyfe's Weapon Shop.
 20970 | Orc:2    | Found Reseuwk's Antique Armour Shop.
 20971 | Orc:2    | Found Husam's Assorted Antiques.
 20974 | Orc:2    | Found Reck's Magic Scroll Boutique.
 20984 | Orc:2    | Bought a scroll labelled HITHYFYKLO for 24 gold pieces
 21378 | Orc:1    | Noticed Urug
 21383 | Orc:1    | Killed Urug
 21459 | Orc:1    | Found Fyttiapt's Assorted Antiques.
 21599 | Orc:2    | Reached skill level 10 in Fighting
 21637 | Orc:2    | Noticed an orc warlord
 21665 | Orc:2    | Killed an orc warlord
 21740 | Orc:2    | Noticed an orc warlord
 21787 | Orc:2    | Killed an orc warlord
 22352 | D:1      | Bought a runed scarf for 136 gold pieces
 22893 | D:13     | Received a gift from Nemelex Xobeh
 23049 | D:13     | Reached skill level 10 in Dodging
 23269 | D:13     | Received a gift from Nemelex Xobeh
 23292 | D:13     | Found a gate to the Vaults.
 23528 | D:13     | Reached XP level 16. HP: 104/114 MP: 0/0
 23537 | D:13     | Reached skill level 15 in Spellcasting
 23878 | D:14     | You are sucked into a shaft and drop 1 floor!
 23878 | D:15     | Entered Level 15 of the Dungeon
 23947 | D:14     | Received a gift from Nemelex Xobeh
 23974 | D:14     | Found a gate leading to a gauntlet.
 23988 | Gauntlet | Entered a Gauntlet
 23988 | Gauntlet | Found a transporter.
 23988 | Gauntlet | Found a transporter.
 24005 | Gauntlet | Found a transporter.
 24009 | Gauntlet | Found a transporter.
 24023 | Gauntlet | Found a transporter.
 24025 | Gauntlet | Received a gift from Nemelex Xobeh
 24027 | Gauntlet | Found a transporter.
 24041 | Gauntlet | Found a transporter.
 24062 | Gauntlet | Found a transporter.
 24079 | Gauntlet | Found a transporter.
 24083 | Gauntlet | Found a transporter.
 24098 | Gauntlet | Found a transporter.
 24102 | Gauntlet | Found a transporter.
 24267 | Gauntlet | Identified the +2 helmet of Purpose {Harm rCorr Dex-3}
 24595 | D:8      | Acquired the +8 Vampire's Tooth {megavamp}
 24595 | D:8      | Found the +8 Vampire's Tooth {megavamp}
 25292 | D:15     | Received a gift from Nemelex Xobeh
 25297 | D:15     | Noticed Rupert
 25365 | D:15     | a dire elephant changed into a frost giant
 25365 | D:15     | Noticed a frost giant (glowing shapeshifter)
 25370 | D:15     | a frost giant changed into a fenstrider witch
 25370 | D:15     | Noticed a fenstrider witch (glowing shapeshifter)
 25374 | D:15     | Killed a fenstrider witch
 25431 | D:15     | Found a staircase to the Depths.
 25566 | D:15     | Noticed Nessos
 25577 | D:15     | Killed Nessos
 25601 | D:15     | Noticed Roxanne
 25692 | D:15     | Killed Rupert
 25899 | D:15     | Killed Roxanne
 26163 | Spider:1 | Entered Level 1 of the Spider Nest
 26200 | Spider:1 | Reached XP level 17. HP: 121/121 MP: 0/0
 26200 | Spider:1 | Learned a level 6 spell: Statue Form
 26211 | Spider:1 | Reached ****** piety under Nemelex Xobeh
 26379 | Spider:1 | Received a gift from Nemelex Xobeh
 26795 | Spider:1 | Reached skill level 5 in Short Blades
 26836 | Spider:2 | Reached skill level 16 in Spellcasting
 26862 | Spider:2 | Received a gift from Nemelex Xobeh
 26891 | Spider:2 | Noticed Agnes
 26898 | Spider:2 | Killed Agnes
 26902 | Spider:2 | Reached skill level 10 in Invocations
 27180 | Spider:2 | Noticed Arachne
 27182 | Spider:2 | Killed Arachne
 27806 | Spider:3 | Identified the amulet "Meproap" {Reflect Int+4 SH+5}
 27877 | Spider:3 | Received a gift from Nemelex Xobeh
 28241 | Spider:4 | Entered Level 4 of the Spider Nest
 28286 | Spider:4 | Noticed Asterion
 28292 | Spider:4 | Killed Asterion
 28333 | Spider:4 | Noticed Kirke
 28337 | Spider:4 | Killed Kirke
 28338 | Spider:4 | Reached XP level 18. HP: 105/128 MP: 0/0
 28478 | Spider:4 | Noticed Mara
 28479 | Spider:4 | Mara changed into Mara the hellephant
 28479 | Spider:4 | Noticed Mara
 28484 | Spider:4 | Noticed Aizul
 28485 | Spider:4 | Killed Mara the hellephant
 28497 | Spider:4 | Killed Aizul
 28557 | Spider:4 | Received a gift from Nemelex Xobeh
 28877 | Spider:4 | Got a gossamer rune of Zot
 28953 | Spider:4 | Reached skill level 17 in Spellcasting
 29404 | Elf:1    | Entered Level 1 of the Elven Halls
 29709 | Elf:1    | Received a gift from Nemelex Xobeh
 29832 | Elf:1    | Found Juyhuage's Weapon Boutique.
 30435 | Elf:2    | Received a gift from Nemelex Xobeh
 30587 | Elf:2    | Found a runed translucent gate.
 30587 | Elf:2    | Found a runed translucent gate.
 30587 | Elf:2    | Found a runed translucent gate.
 30813 | Elf:3    | Entered Level 3 of the Elven Halls
 30896 | Elf:3    | Found Meschumua's Specific Store.
 30898 | Elf:3    | Found Ommid's General Store.
 30987 | Elf:3    | Reached XP level 19. HP: 135/135 MP: 0/0
 30987 | Elf:3    | Learned a level 7 spell: Malign Gateway
 31310 | Elf:3    | Paralysed by an air elemental for 1 turns
 31478 | Elf:3    | Noticed a deep elf blademaster
 31485 | Elf:3    | Killed a deep elf blademaster
 31486 | Elf:3    | Killed a deep elf blademaster
 31562 | Elf:3    | Noticed a deep elf blademaster
 31566 | Elf:3    | Killed a deep elf blademaster
 31567 | Elf:3    | Reached skill level 18 in Spellcasting
 31578 | Elf:3    | Identified the +8 battleaxe of the Bruised Lovers {heavy,
                  | Fly rF+ Will+}
 31606 | Elf:3    | Reached skill level 10 in Shields
 32475 | Elf:3    | Received a gift from Nemelex Xobeh
 32529 | Elf:3    | Identified the +0 pair of boots "Fommacun" {Str+4}
 32573 | Elf:3    | Identified the +8 spear "Nohaotz" {drain, *Corrode Str+6
                  | Dex+3}
 33101 | Shoals:1 | Entered Level 1 of the Shoals
 33191 | Shoals:1 | Noticed Donald
 33203 | Shoals:1 | Killed Donald
 33269 | Shoals:1 | Received a gift from Nemelex Xobeh
 34099 | Shoals:2 | Found a transporter.
 34099 | Shoals:2 | Found a transporter.
 34267 | Shoals:2 | Received a gift from Nemelex Xobeh
 34313 | Shoals:2 | Found a transporter.
 34316 | Shoals:2 | Found a transporter.
 34426 | Shoals:2 | Reached XP level 20. HP: 143/143 MP: 0/0
 34565 | Shoals:2 | Noticed Polyphemus
 34566 | Shoals:2 | Killed Polyphemus
 34587 | Shoals:2 | Found a transporter.
 34589 | Shoals:2 | Found a transporter.
 35147 | Shoals:3 | Found Jile's Jewellery Shop.
 35370 | Shoals:3 | Received a gift from Nemelex Xobeh
 35718 | Shoals:3 | Reached skill level 19 in Spellcasting
 36218 | Shoals:4 | Entered Level 4 of the Shoals
 36348 | Shoals:4 | Received a gift from Nemelex Xobeh
 36608 | Shoals:4 | Identified the +4 ring mail of Eye-covered Creativity
                  | {rCorr}
 36951 | Shoals:4 | Got a barnacled rune of Zot
 36973 | Shoals:4 | Received a gift from Nemelex Xobeh
 37115 | Shoals:4 | Noticed Mlioglotl
 37135 | Shoals:4 | Killed Mlioglotl
 37879 | Vaults:1 | Entered Level 1 of the Vaults
 38512 | Vaults:1 | Reached XP level 21. HP: 144/151 MP: 0/0
 38512 | Vaults:1 | Learned a level 8 spell: Summon Horrible Things
 38653 | Vaults:1 | Found Mozurph's Armour Shoppe.
 38892 | Vaults:1 | Received a gift from Nemelex Xobeh
 38972 | Vaults:1 | Reached skill level 20 in Spellcasting
 39351 | Vaults:1 | Identified the +4 ring mail of the Spheres {rElec rPois
                  | rF++ Stlth-}
 40280 | Vaults:2 | Noticed Nikola
 40348 | Vaults:2 | Killed Nikola
 40554 | Vaults:2 | Noticed Saint Roka
 40570 | Vaults:2 | Killed Saint Roka
 41113 | Vaults:2 | Found Eluiruer's Magic Scroll Boutique.
 41421 | Vaults:2 | Received a gift from Nemelex Xobeh
 41607 | Vaults:2 | Found a staircase to the Crypt.
 42053 | Vaults:2 | You are sucked into a shaft and drop 2 floors!
 42068 | Vaults:3 | Reached skill level 21 in Spellcasting
 42281 | Vaults:3 | Reached XP level 22. HP: 145/158 MP: 0/0
 42537 | Vaults:3 | Received a gift from Nemelex Xobeh
 42979 | Vaults:3 | Received a gift from Nemelex Xobeh
 43422 | Vaults:3 | Found a runed translucent gate.
 43422 | Vaults:3 | Found a runed translucent gate.
 43423 | Vaults:3 | Found a runed translucent gate.
 43507 | Vaults:3 | Identified the +0 chain mail of Fun {*Corrode Str+5}
 43510 | Vaults:3 | Noticed Kugyfig's ghost (adept MiBe)
 43976 | Vaults:3 | Identified the ring "Uthyiwop" {Fire Str+3 Slay+5}
 44033 | Vaults:3 | Killed Kugyfig's ghost
 44418 | Vaults:4 | Found Gozag's Antique Armour Shop.
 44463 | Vaults:4 | Found an opulent altar of Gozag.
 44463 | Vaults:4 | Found Gozag's Antique Armour Boutique.
 44474 | Vaults:4 | Noticed Margery
 44486 | Vaults:4 | Killed Margery
 44518 | Vaults:4 | Found Gozag's Antique Weapon Boutique.
 44603 | Vaults:4 | Reached skill level 22 in Spellcasting
 44973 | Vaults:4 | Received a gift from Nemelex Xobeh
 45319 | Vaults:4 | Noticed Jory
 45331 | Vaults:4 | Killed Jory
 45550 | Vaults:4 | Noticed Xtahua
 45557 | Vaults:4 | Killed Xtahua
 45646 | Vaults:4 | Found a runed translucent gate.
 45646 | Vaults:4 | Found a runed translucent gate.
 45646 | Vaults:4 | Found a runed translucent gate.
 45647 | Vaults:4 | Noticed Hosunepni's ghost (adept FeBe)
 45949 | Vaults:4 | Identified the +2 long sword "Toonoumn" {drain, rPois Will+
                  | rCorr Stlth+}
 45954 | Vaults:4 | Killed Hosunepni's ghost
 46030 | Vaults:4 | Identified the +2 pair of boots "Gidumoar" {Fly rPois rC-
                  | Int+4}
 46566 | Depths:1 | Entered Level 1 of the Depths
 46573 | Depths:1 | Reached XP level 23. HP: 144/165 MP: 0/0
 46573 | Depths:1 | Learned a level 7 spell: Storm Form
 47075 | Depths:1 | Found a gateway to Hell.
 47089 | Depths:1 | Found a one-way gateway to a ziggurat.
 47189 | Depths:1 | You are sucked into a shaft and drop 1 floor!
 47189 | Depths:2 | Received a gift from Nemelex Xobeh
 47241 | Depths:2 | Identified the +4 long sword of Subjectivity {protect,
                  | Contam rF+ rCorr MP+9}
 47358 | Depths:2 | Identified the +8 short sword of the Modern Thickets {holy,
                  | rElec rCorr Str+2 Int+2}
 47695 | Depths:1 | Found a shadowy altar of Dithmenos.
 48012 | Depths:1 | Found a sparkling altar of Nemelex Xobeh.
 48485 | Depths:2 | Found a runed translucent door.
 48492 | Depths:2 | Reached skill level 15 in Fighting
 48506 | Depths:2 | Reached skill level 23 in Spellcasting
 48927 | Depths:2 | Received a gift from Nemelex Xobeh
 48978 | Depths:2 | Found a one-way gate leading to the halls of Pandemonium.
 49229 | Depths:2 | Found a sacrificial altar of Ru.
 49932 | Depths:2 | Received a gift from Nemelex Xobeh
 50103 | Depths:2 | Identified the ring of Wukousoa {rF++ AC+4}
 50122 | Depths:2 | Noticed a shard shrike
 50124 | Depths:2 | Noticed a shard shrike
 50129 | Depths:2 | Killed a shard shrike
 50174 | Depths:2 | Found a runed translucent door.
 50318 | Depths:2 | Killed a shard shrike
 50404 | Depths:2 | Reached XP level 24. HP: 147/174 MP: 0/0
 51266 | Depths:3 | Found an opulent altar of Gozag.
 51342 | Depths:3 | Noticed a shard shrike
 51364 | Depths:3 | Noticed a shard shrike
 51368 | Depths:3 | Killed a shard shrike
 51402 | Depths:3 | Killed a shard shrike
 51437 | Depths:3 | Found a flickering gateway to a bazaar.
 51460 | Bazaar   | Entered a bazaar
 51476 | Bazaar   | Found Beosch's Weapon Shoppe.
 51477 | Bazaar   | Found Damusoez's Jewellery Shoppe.
 51520 | Bazaar   | Found Qouvaare's Book Emporium.
 51520 | Bazaar   | Found Qaudo's General Store.
 51542 | Bazaar   | Bought a potion of haste for 80 gold pieces
 51561 | Bazaar   | Bought the amulet "Vosysi" {Regen+ Dex+5 Stlth+} for 653
                  | gold pieces
 52197 | Depths:3 | Found a one-way gate to the infinite horrors of the Abyss.
 52448 | Depths:4 | Entered Level 4 of the Depths
 52557 | Depths:4 | Noticed a caustic shrike
 52557 | Depths:4 | Noticed a caustic shrike
 52557 | Depths:4 | Noticed a caustic shrike
 52558 | Depths:4 | Noticed a caustic shrike
 52560 | Depths:4 | Noticed Parghit
 52998 | Depths:3 | Killed a caustic shrike
 53074 | Depths:4 | Killed a caustic shrike
 53090 | Depths:4 | Killed a caustic shrike
 53191 | Depths:4 | Killed Parghit
 53385 | Depths:4 | Received a gift from Nemelex Xobeh
 53509 | Depths:4 | Reached skill level 24 in Spellcasting
 53639 | Depths:4 | Killed a caustic shrike
 53928 | Depths:4 | Received a gift from Nemelex Xobeh
 53958 | Depths:4 | Found a gate to the Realm of Zot.
 54559 | D:8      | Acquired 648 gold pieces
 54561 | D:8      | Acquired 869 gold pieces
 54841 | Crypt:1  | Entered Level 1 of the Crypt
 54906 | Crypt:1  | Reached XP level 25. HP: 166/178 MP: 0/0
 54906 | Crypt:1  | Learned a level 8 spell: Discord
 54933 | Crypt:1  | Found a magical portal.
 54952 | Crypt:1  | Received a gift from Nemelex Xobeh
 54955 | Crypt:1  | Noticed Sojobo
 54966 | Crypt:1  | Killed Sojobo
 55008 | WizLab   | Entered The Chambers of the Cloud Mage
 55020 | WizLab   | Paralysed by an air elemental for 1 turns
 55416 | WizLab   | Paralysed by an air elemental for 1 turns
 55461 | WizLab   | Noticed Nerr
 55478 | WizLab   | Killed Nerr the Cloud Mage
 55560 | WizLab   | Paralysed by an air elemental for 1 turns
 55563 | WizLab   | Paralysed by an air elemental for 1 turns
 55782 | Vaults:1 | Bought the +10 tower shield of Ignorance {rN+ Int-4} for
                  | 1031 gold pieces
 55782 | Vaults:1 | Found the +10 tower shield of Ignorance {rN+ Int-4}
 56542 | Crypt:1  | Received a gift from Nemelex Xobeh
 57892 | Crypt:3  | Entered Level 3 of the Crypt
 57981 | Crypt:3  | Noticed Vv
 58145 | Crypt:3  | Killed Vv
 58349 | Crypt:3  | Reached skill level 15 in Shields
 58414 | Crypt:3  | Found a staircase to the Tomb.
 58427 | Crypt:3  | Reached skill level 25 in Spellcasting
 58695 | Crypt:3  | Received a gift from Nemelex Xobeh
 58828 | Crypt:3  | Identified the amulet of Impatience {rN+ Regen+}
 58830 | Crypt:3  | Noticed a curse toe
 58846 | Crypt:3  | Killed a curse toe
 58951 | Crypt:3  | Identified the ring "Wowiyner" {rN+ Int+4 Stlth-}
 59103 | Crypt:3  | Identified the +0 ring mail of Impressiveness {-Tele rElec
                  | rPois Slay+6}
 59179 | Crypt:3  | Reached XP level 26. HP: 179/192 MP: 0/0
 59213 | Crypt:3  | Identified the +0 pair of boots of Xeotyimm {Dex+2}
 59770 | Crypt:3  | Noticed a dread lich
 59777 | Crypt:3  | Killed a dread lich
 59867 | Crypt:3  | Identified the +2 arbalest "Hun Gasiu" {heavy, rF+ Str-5
                  | SInv}
 60398 | D:8      | Acquired a +2 quick blade of holy wrath
 60407 | D:8      | Acquired a manual of Short Blades
 60668 | D:7      | Killed What's ghost
 61154 | Elf:2    | Reached skill level 10 in Short Blades
 61314 | Elf:2    | Received a gift from Nemelex Xobeh
 61871 | Vaults:5 | Entered Level 5 of the Vaults
 61982 | Vaults:5 | Noticed an ancient lich
 61987 | Vaults:5 | Killed an ancient lich
 62313 | Vaults:5 | Identified the ring of Litz {rF+ MP+9 Str-5 Int+7 Dex+4}
 62425 | Vaults:5 | Noticed an ancient lich
 62438 | Vaults:5 | Killed an ancient lich
 62499 | Vaults:5 | Identified the +8 hand axe "Kafrodavvuck" {antimagic,
                  | Dex+4}
 62504 | Vaults:5 | Identified the +2 leather armour of Zijo {Drain MP+9 Str-4
                  | Dex+5}
 62541 | Vaults:5 | Received a gift from Nemelex Xobeh
 62678 | Vaults:5 | Reached XP level 27. HP: 153/208 MP: 0/0
 62678 | Vaults:5 | Learned a level 9 spell: Dragon's Call
 62912 | Vaults:5 | Noticed a dread lich
 62922 | Vaults:5 | Killed a dread lich
 62955 | Vaults:5 | Identified the +1 giant club of the Nurturing Seer {freeze,
                  | Dex+6}
 63744 | Vaults:5 | Identified the +9 broad axe of Sudden Death {speed, rN+
                  | Will- Str+3}
 64181 | Vaults:5 | Received a gift from Nemelex Xobeh
 64251 | Vaults:5 | Got a silver rune of Zot
 64268 | Vaults:5 | Identified the +0 scale mail of Going Fast {Int+8}
 64434 | Vaults:5 | Identified the +0 rapier of the Ecumenical Temple {flame,
                  | rPois rN+ SInv}
 64438 | Vaults:5 | Identified the +7 shortbow "Cuimuun" {freeze, rElec MP+9}
 65784 | Slime:1  | Entered Level 1 of the Pits of Slime
 65857 | Slime:2  | You are sucked into a shaft and drop 1 floor!
 65865 | Slime:2  | Received a gift from Nemelex Xobeh
 66527 | Slime:2  | Received a gift from Nemelex Xobeh
 66923 | Slime:3  | Gained mutation: You sometimes lose your temper in combat.
                  | [a shining eye]
 67453 | Slime:5  | Entered Level 5 of the Pits of Slime
 67494 | Slime:5  | Noticed the Royal Jelly
 67521 | Slime:5  | Received a gift from Nemelex Xobeh
 68335 | Slime:5  | Killed the Royal Jelly
 68336 | Slime:5  | Reached skill level 26 in Spellcasting
 68450 | Slime:5  | Identified the +7 rapier "Ichyqil" {vamp, rC- Will++ Dex+4}
 68458 | Slime:5  | Identified the +8 sling "Luno" {flame, rN+ Str+7}
 68480 | Slime:5  | Received a gift from Nemelex Xobeh
 68496 | Slime:5  | Identified the amulet of the Bull {Reflect rPois rF+ SH+5}
 68530 | Slime:5  | Got a slimy rune of Zot
 68560 | Slime:5  | Identified the +8 short sword of Hiureh {venom, rElec rN+
                  | Str-3 Int+6}
 68575 | Slime:5  | Identified the +9 scimitar of Premature Burial {heavy,
                  | rPois Will+ rCorr Dex+4}
 68739 | D:8      | Acquired 855 gold pieces
 68880 | Orc:1    | Bought a potion of curing for 42 gold pieces
 68880 | Orc:1    | Bought a scroll of teleportation for 42 gold pieces
 68880 | Orc:1    | Bought a potion of mutation for 112 gold pieces
 68880 | Orc:1    | Bought a scroll of fog for 56 gold pieces
 68931 | Orc:1    | Bought a scroll of teleportation for 45 gold pieces
 68972 | Orc:2    | Bought a potion of heal wounds for 120 gold pieces
 68973 | Orc:2    | Bought a glowing helmet for 217 gold pieces
 68985 | Orc:2    | Bought a scroll of teleportation for 39 gold pieces
 69089 | Elf:3    | Bought a scroll of fog for 44 gold pieces
 69089 | Elf:3    | Bought a scroll of noise for 11 gold pieces
 69424 | Vaults:2 | Bought a scroll of fear for 68 gold pieces
 69424 | Vaults:2 | Bought a scroll of acquirement for 884 gold pieces
 69424 | Vaults:2 | Bought a scroll of blinking for 127 gold pieces
 69424 | Vaults:2 | Bought a scroll of fear for 68 gold pieces
 69424 | Vaults:2 | Acquired a manual of Invocations
 69582 | Vaults:4 | Bought a glimmering helmet for 950 gold pieces
 69582 | Vaults:4 | Identified the +2 helmet of the Wasteland {Will++} (You
                  | bought it in a shop on level 4 of the Vaults)
 69582 | Vaults:4 | Bought a pair of embroidered gloves for 750 gold pieces
 69600 | Vaults:4 | Bought an ivory sling for 650 gold pieces
 69600 | Vaults:4 | Identified the +1 sling of Cedi {heavy, rElec rN+} (You
                  | bought it in a shop on level 4 of the Vaults)
 69616 | Vaults:4 | Bought an amethyst-encrusted chain mail for 950 gold pieces
 69616 | Vaults:4 | Identified the +3 chain mail of Entitlement {rPois rF-
                  | Int+2} (You bought it in a shop on level 4 of the Vaults)
 69616 | Vaults:4 | Bought a garnet-encrusted scale mail for 900 gold pieces
 69616 | Vaults:4 | Identified the +4 scale mail of Crawling {Int+6} (You
                  | bought it in a shop on level 4 of the Vaults)
 70301 | Zot:1    | Entered Level 1 of the Realm of Zot
 70740 | Zot:1    | Received a gift from Nemelex Xobeh
 70767 | Zot:1    | Found Ralupuk's Changing Room.
 70868 | Zot:1    | Bought a potion of mutation for 112 gold pieces
 71874 | Zot:2    | Identified the +2 trident "Ogrebane" {pain, rC- rN+++ Str-2
                  | Int+4}
 72219 | Zot:2    | Found a transporter.
 72222 | Zot:2    | Received a gift from Nemelex Xobeh
 73443 | Zot:4    | Received a gift from Nemelex Xobeh
 74118 | Zot:4    | Received a gift from Nemelex Xobeh
 74718 | Zot:5    | Entered Level 5 of the Realm of Zot
 74744 | Zot:5    | Noticed an orb of fire
 74755 | Zot:5    | Banished an orb of fire
 75019 | Zot:5    | Received a gift from Nemelex Xobeh
 75450 | Zot:5    | Noticed an orb of fire
 75460 | Zot:5    | Killed an orb of fire
 75530 | Zot:5    | Noticed an orb of fire
 75889 | Zot:5    | Killed an orb of fire
 76345 | Zot:5    | Noticed a Killer Klown
 76349 | Zot:5    | Killed a Killer Klown
 76636 | Zot:5    | Noticed an orb of fire
 76924 | Zot:5    | Noticed an orb of fire
 77113 | Zot:5    | Noticed an orb of fire
 77131 | Zot:5    | Gained mutation: Armour fits poorly on your strangely
                  | shaped body. [an orb of fire]
 77135 | Zot:5    | Gained mutation: You are clumsy. (Dex -2) [an orb of fire]
 77136 | Zot:5    | Gained mutation: Your body sometimes deteriorates upon
                  | taking damage. [an orb of fire]
 77143 | Zot:5    | Killed an orb of fire
 77152 | Zot:5    | Lost mutation: Armour fits poorly on your strangely shaped
                  | body. [potion of mutation]
 77152 | Zot:5    | Lost mutation: You are clumsy. (Dex -2) [potion of
                  | mutation]
 77152 | Zot:5    | Lost mutation: Your body sometimes deteriorates upon taking
                  | damage. [potion of mutation]
 77152 | Zot:5    | Lost mutation: You sometimes lose your temper in combat.
                  | [potion of mutation]
 77152 | Zot:5    | Gained mutation: You possess an exceptional clarity of
                  | mind. [potion of mutation]
 77152 | Zot:5    | Gained mutation: Your mind is acute. (Int +4, Str/Dex -1)
                  | [potion of mutation]
 77158 | Zot:5    | Killed an orb of fire
 77216 | Zot:5    | Noticed an ancient lich
 77222 | Zot:5    | Killed an ancient lich
 77222 | Zot:5    | Noticed an orb of fire
 77236 | Zot:5    | Killed an orb of fire
 77332 | Zot:5    | Killed an orb of fire
 77508 | Zot:5    | Noticed an orb of fire
 77533 | Zot:5    | Identified the +0 long sword of the Secret Continents
                  | {flame, Dex+4}
 77540 | Zot:5    | Killed an orb of fire
 78059 | Zot:5    | Noticed an orb of fire
 78069 | Zot:5    | Killed an orb of fire
 78230 | Zot:5    | Noticed a Killer Klown
 78236 | Zot:5    | Killed a Killer Klown
 78426 | Zot:5    | Received a gift from Nemelex Xobeh
 78567 | Zot:5    | Got the Orb of Zot
 78653 | Zot:5    | Noticed Emann the pandemonium lord
 78664 | Zot:5    | Killed Emann the pandemonium lord
 78684 | Zot:5    | Noticed Dob Laeq the pandemonium lord
 78714 | Zot:5    | Killed Dob Laeq the pandemonium lord
 78801 | Zot:2    | Noticed Xoun the pandemonium lord
 79278 | D:1      | Woot! Nemelex Xobeh
 79279 | D:$      | Escaped with the Orb!

Illustrated notes

...##.# #..####+'####..#.#.#
##.##.###.[###....###..#.#.#
#.........##......##....#.#
###.##.#..##.8....##..#.#.#
#.##.#..#........#...#..#
#.##.#..#.8....).#..###.##
#.##.#..#...##...#..# ##.##
###.##....#..####..#..# ##.##
#.........'..'>@'..'..# ##...#
#.#.####..#..####..#..###.##.#
#.#.......#(..##...#...#.###.#
#.######..#.(....8.#..#.## #.#
#.# #..#........#..#.# #.# #.#
#..##....8.##....####.# #.#
#..##......##.)####...# #.#
#..###....###..# #.### #.#
#..####''####..# #.#


Turn 79278 on D:1: Woot! Nemelex Xobeh

Levels and vault maps discovered:
D:1:      dpeg_arrival_refuge, layout_loops_ring, serial_shops, shop,
          st_stairs_7
D:2:      wander_river, layout_basic, uniq_natasha
D:3:      layout_loops_ring, mainiacjoe_overflow_concentric_impassable,
          chequers_arboretum
D:4:      layout_rooms, nicolae_tso_besieged_by_evil, minmay_snake_closets,
          uniq_menkaure, uniq_robin
D:5:      gammafunk_steamed_eel, layout_basic, gammafunk_temple_overflow_claw,
          nicolae_overflow_hidden_temple, uniq_sigmund
D:6:      layout_loops_corners, mainiacjoe_overflow_24_doors
D:7:      layout_loops_cross, minmay_temple_entry_large_hall, nzn_ghost_randoct,
          enter_ossuary_1, nicolae_shop_self_help
D:8:      layout_basic, david_lair_generic, minmay_misc_feat_plants,
          minmay_misc_feat_enclosed, uniq_psyche
D:9:      layout_irregular_city, kennysheep_generic_room_2, uniq_erolcha
D:10:     layout_irregular_city, dk_yredelemnul_ordeal, zombieorc2_lemuel,
          bh_circular_ruins
D:11:     layout_roguey, special_room [special_room_orc], serial_shops,
          nicolae_diamond_shop, uniq_fannar
D:12:     layout_stronghold, nicolae_uskayaw_en_pointe
D:13:     layout_basic, erik_vaults_1, minivault_16, laboratory
D:14:     layout_basic, gauntlet_entry_generic
D:15:     hangedman_depths_entry_try_elsewhere_first, layout_rooms,
          hangedman_glass_teeth, abandoned_shop, uniq_roxanne, uniq_nessos,
          uniq_rupert
Lair:1:   layout_regular_city
Lair:2:   layout_gridlike, minmay_shoals_entry_lonely_mermaid,
          gammafunk_ghost_grave, nicolae_quartered_pool_super, minivault_25,
          uniq_nergalle
Lair:3:   gammafunk_indiana_jones, layout_hall_layers, spider_nest_entry_a,
          portal_ice_cave_rime, serial_bayou_shore_a, grunt_megastairs_5
Lair:4:   layout_regular_city, basic_altar, lemuel_fruit_fields,
          grunt_megastairs_3
Lair:5:   hangedman_lair_tendril_chambers, layout_big_grid,
          dpeg_slime_entry_enclosed, lemuel_fruit_tree
Shoals:1: layout_shoals, uniq_donald
Shoals:2: layout_shoals, serial_nicolae_subway, nicolae_sub_station_metal,
          nicolae_sub_station_stone, nicolae_sub_station_crystal,
          uniq_polyphemus
Shoals:3: nicolae_shoals_aurelia_aurita, layout_shoals,
          minmay_shop_enchanted_jewellery
Shoals:4: shoals_end_grunt_garden, layout_shoals, uniq_mlioglotl
Spider:1: layout_spider_delve, drop_trap
Spider:2: layout_spider_delve, nicolae_spider_cling_halls, uniq_arachne,
          uniq_agnes
Spider:3: layout_spider_delve
Spider:4: spider_rune_water, uniq_kirke, uniq_mara, uniq_asterion, uniq_aizul
Slime:1:  layout_caves
Slime:2:  layout_caves, nicolae_slime_round_cave
Slime:3:  layout_caves
Slime:4:  layout_caves
Slime:5
Orc:1:    layout_caves, basic_altar, serial_shops, shop_statue, shop_fountains,
          shop, nicolae_shop_window_shopping, uniq_urug
Orc:2:    st_orc_mages, layout_caves, minmay_orc_treasury, uniq_azrael
Elf:1:    layout_rooms, hangedman_elf_disciples, minmay_shop_star
Elf:2:    nicolae_elf_blades_splatter_lattice [nicolae_blade_entry_antechamber],
          layout_geoelf_grid, basic_altar
Elf:3:    minmay_elf_hall_curves, layout_geoelf_octagon, st_stairs_10,
          nicolae_specific_store
Vaults:1: vaults_room_guarded_vault, nicolae_vaults_circle_grid_a,
          nicolae_vaults_ring_of_whatevers, vaults_standard_mumra_x, v_misc_27,
          hangedman_vaults_locks, nicolae_vaults_network_s,
          hangedman_vaults_river_flow, vaults_mumra_minichess_inversion,
          nicolae_vaults_rhombus_7, ontoclasm_vaults_ligature,
          vaults_room_stairs_pillars, layout_vaults_big_cross, serial_shops,
          nicolae_diamond_shop
Vaults:2: nicolae_vaults_specimen_jars, minmay_crypt_entry_simple_round,
          hangedman_vaults_variations, hangedman_vaults_nodes,
          ontoclasm_vaults_gateway, grunt_vaults_twisty, ontoclasm_vaults_eye,
          vaults_mumra_hexcomb, hangedman_vaults_capsules,
          vaults_room_door_ring, layout_vaults_maze, serial_glass, serial_shops,
          shop, uniq_saint_roka, uniq_nikola
Vaults:3: biasface_ghost_orc_armoury, nicolae_vaults_network_quinsquares
          [nicolae_vaults_network_quincunx_subvault,
          nicolae_vaults_network_quincunx_subvault,
          nicolae_vaults_network_quincunx_subvault,
          nicolae_vaults_network_quincunx_subvault], nicolae_vaults_asterisk,
          nicolae_vaults_what_the_h, vaults_room_grunt_arrival_ludios,
          ontoclasm_vaults_decontamination, layout_vaults_quadrants
Vaults:4: gammafunk_ghost_spectres, ontoclasm_vaults_ring_small, v_misc_5,
          vaults_room_ringed_pool, nicolae_vaults_hallways_thing,
          hangedman_vaults_cutoff, kennysheep_vaults_gozag_temple,
          vaults_mumra_chevron_long, vaults_room_semicircle,
          nicolae_vaults_little_squares_3, grunt_vaults_bifocal, v_misc_5,
          layout_vaults_omnibox, uniq_jory, uniq_margery, uniq_xtahua
Vaults:5: serial_shops
Crypt:1:  layout_misc_corridors, mu_enter_wizlab_1, grunt_megastairs_2,
          uniq_sojobo
Crypt:2:  layout_rooms, amcnicky_mini_rare_corridor_liquid,
          roderic_lattice_octagonal_star
Crypt:3:  due_elkab, layout_chaotic_city, uniq_vv
Depths:1: layout_roguey, ziggurat_fallback, nicolae_dithmenos_the_darkroom,
          hell_entry, grunt_ministairs_14, nemelex_xobeh_ov_fountains_minmay,
          grunt_megastairs_1, serial_bayou_shore_b
Depths:2: mu_elemental_laboratory, layout_cave_pools, grunt_metal_band,
          rand_demon_pan_entry_3, nicolae_ru_path_of_blood
Depths:3: minmay_coctagon, layout_basic, wad_floor_pattern_2, abyss_entry,
          pf_hell_entry_tar_spiral, serial_shops, bzr_in_the_mist,
          nicolae_gozag_cash_rules_everything_around_me
Depths:4: evilmike_zot_entry_basic, layout_gridlike, rand_demon_pan_entry_5,
          abyss_entry, hex_intersection, hell_entry, uniq_parghit
Zot:1:    layout_cellular_growth, st_stairs_7, nicolae_transmutations_shop,
          hangedman_zot_decor_scrapings
Zot:2:    layout_misc_corridors, nicolae_diode_basic
Zot:3:    layout_gridville, st_single_dragon_hoard_4
Zot:4:    layout_concentric_octagons
Zot:5:    layout_misc_corridors, grunt_ministairs_15, st_stairs_3

Skill      XL: |  1  2  3  4  5  6  7  8  9 10 11 12 13 14 15 16 17 18 19 20 21 22 23 24 25 26 27 |
---------------+----------------------------------------------------------------------------------+-----
Spellcasting   | 3 4 5 6 7 8 9 11 12 13 14 15 16 17 18 19 21 22 23 24 25 26 | 26.0
Fighting       | 1 2 3 4 5 6 7 8 9 10 11 12 13 14 15 16 17 21 23 | 23.4
Invocations    | 1 2 4 5 6 7 8 9 10 11 13 | 13.0
Dodging        | 4 5 6 7 8 9 10 11 12 | 12.0
Armour         | 1 3 4 5 6 7 8 |  8.0
Shields        | 3 4 6 7 8 9 10 11 12 13 14 15 23 | 23.0
Short Blades   | 3 4 5 7 8 10 | 10.0
Stealth        | |  1.5

Action                     |  1- 3 |  4- 6 |  7- 9 | 10-12 | 13-15 | 16-18 | 19-21 | 22-24 | 25-27 || total
---------------------------+-------+-------+-------+-------+-------+-------+-------+-------+-------++-------
  Melee: Staff             |       |       |     1 |       |    11 |     1 |       |     3 |    10 ||    26
         Punch             |       |       |       |       |     1 |       |       |       |       ||     1
         Quick blade       |       |       |       |       |       |     2 |    33 |    11 |       ||    46
         Dagger            |       |       |       |       |       |     1 |       |       |       ||     1
         Short sword       |       |       |       |       |       |       |       |    11 |    12 ||    23
   Cast: Magic Dart        |    73 |    79 |   251 |   276 |   643 |   394 |   489 |   285 |   415 ||  2905
         Blink             |       |     2 |       |       |     1 |     2 |       |       |     5 ||    10
         Sandblast         |       |     4 |    93 |   109 |     5 |     4 |       |       |       ||   215
         Mephitic Cloud    |       |     5 |    21 |    40 |    35 |    35 |    47 |    35 |    15 ||   233
         Call Imp          |       |     3 |    14 |       |       |       |       |       |       ||    17
         Momentum Strike   |       |       |     1 |       |       |       |       |       |       ||     1
         Iskenderun's Batt |       |       |       |    56 |   185 |   129 |   185 |   143 |   175 ||   873
         Borgnjor's Vile C |       |       |       |       |   245 |   309 |   266 |   313 |   413 ||  1546
         Confusing Touch   |       |       |       |       |     1 |       |       |       |       ||     1
         Death Channel     |       |       |       |       |     1 |    14 |     4 |     4 |     2 ||    25
         Malign Gateway    |       |       |       |       |       |       |    71 |    87 |   101 ||   259
         Summon Horrible T |       |       |       |       |       |       |     5 |    21 |    60 ||    86
         Discord           |       |       |       |       |       |       |       |       |     7 ||     7
         Dragon's Call     |       |       |       |       |       |       |       |       |    75 ||    75
         Storm Form        |       |       |       |       |       |       |       |       |     1 ||     1
 Invoke: Draw Destruction  |       |       |     1 |       |     5 |    17 |    10 |     3 |     8 ||    44
         Deal Four         |       |       |       |     2 |     5 |     7 |     2 |     3 |     5 ||    24
         Draw Escape       |       |       |       |       |     3 |     6 |     7 |     1 |     1 ||    18
         Triple Draw       |       |       |       |       |     3 |       |       |       |     1 ||     4
         Draw Summoning    |       |       |       |       |     1 |     9 |     4 |     5 |     7 ||    26
         Stack Five        |       |       |       |       |     1 |       |       |       |     3 ||     4
         Draw Stack        |       |       |       |       |       |       |       |       |    13 ||    13
Ability: End Transformatio |       |       |       |       |       |       |       |       |     1 ||     1
  Evoke: Box of beasts     |       |       |       |       |       |       |     1 |       |       ||     1
         Wand              |       |       |       |       |       |       |       |       |     1 ||     1
    Use: Scroll            |       |       |       |    13 |    13 |     6 |       |     4 |    32 ||    68
         Potion            |       |       |       |       |       |       |     1 |       |    15 ||    16
   Stab: Confused          |       |       |       |       |       |     1 |     5 |     4 |       ||    10
         Distracted        |       |       |       |       |       |       |       |       |     2 ||     2
 Armour: Robe              |     1 |     1 |     8 |     7 |       |       |       |       |       ||    17
         Leather armour    |       |       |       |     1 |       |       |       |       |       ||     1
         Troll leather arm |       |       |       |    12 |    19 |    22 |    35 |    27 |    66 ||   181
         Skin              |       |       |       |       |       |       |       |       |     1 ||     1
  Dodge: Dodged            |     2 |    11 |    62 |    59 |   123 |    81 |   140 |    65 |   134 ||   677
  Block: Kite shield       |       |       |       |       |    56 |     9 |   125 |    13 |    28 ||   231
         Buckler           |       |       |       |       |     1 |       |       |       |       ||     1
         Tower shield      |       |       |       |       |       |   121 |    29 |    93 |   263 ||   506
         Reflection        |       |       |       |       |       |       |    49 |     6 |     6 ||    61

Table legend: (Time is in decaauts)
 A = Elapsed time spent in this place.
 B = Non-inter-level travel time spent in this place.
 C = Inter-level travel time spent in this place.
 D = Time resting spent in this place.
 E = Time spent auto-exploring this place.
 F = Levels seen in this place.
 G = Mean time per level.
                   A        B        C        D        E       F      G
               +--------+--------+--------+--------+--------+-----+--------+
         Total |  79550 |  65294 |  14256 |   8836 |  24795 |  60 | 1325.8 |
       Dungeon |  22623 |  15883 |   6740 |   1523 |   8746 |  15 | 1508.2 |
          Lair |   5910 |   4931 |    979 |    124 |   2530 |   5 | 1182.0 |
        Shoals |   4402 |   4015 |    387 |    239 |   1880 |   4 | 1100.5 |
   Spider Nest |   3048 |   2742 |    306 |     82 |   1154 |   4 |  762.0 |
    Slime Pits |   2861 |   2552 |    309 |    483 |   1293 |   5 |  572.2 |
  Orcish Mines |   2350 |   1749 |    601 |     86 |    695 |   2 | 1175.0 |
   Elven Halls |   3878 |   3243 |    635 |    271 |    910 |   3 | 1292.7 |
        Vaults |  12654 |  10239 |   2415 |   1254 |   3299 |   5 | 2530.8 |
         Crypt |   4121 |   3746 |    375 |    383 |   1150 |   3 | 1373.7 |
        Depths |   7577 |   6752 |    825 |   1359 |   1449 |   4 | 1894.2 |
           Zot |   8541 |   7861 |    680 |   2925 |   1548 |   5 | 1708.2 |
        Bazaar |    121 |    121 |      0 |      0 |     78 |   1 |  121.0 |
       Ossuary |    362 |    362 |      0 |     27 |     63 |   1 |  362.0 |
      Ice Cave |     58 |     58 |      0 |     12 |      0 |   1 |   58.0 |
        Wizlab |    644 |    644 |      0 |     67 |      0 |   1 |  644.0 |
      Gauntlet |    393 |    393 |      0 |      0 |      0 |   1 |  393.0 |
               +--------+--------+--------+--------+--------+-----+--------+

Top non-repeatable levels by time:
     D:8: 3940 daAuts
   Zot:5: 3919 daAuts
Vaults:1: 3060 daAuts
Depths:2: 2820 daAuts
Vaults:5: 2813 daAuts
Vaults:3: 2527 daAuts
Vaults:2: 2277 daAuts
 Crypt:3: 2099 daAuts
Vaults:4: 1975 daAuts
    D:10: 1950 daAuts
   Orc:2: 1841 daAuts
   Elf:3: 1750 daAuts
Depths:4: 1714 daAuts
Depths:1: 1700 daAuts
     D:9: 1641 daAuts
